 Dungeon Crawl Stone Soup version 0.32-a0-39-g5c88369fb2 (webtiles) character file.

Game seed: 11940337327068977466

91 Gargoyl the Trooper (level 4, 0/29 HPs)
             Began as a Gargoyle Berserker on Jan 24, 2024.
             Was a Believer of Trog.
             Killed by divine providence
             ... invoked by an orc priest
              (14 damage)
             ... on level 4 of the Dungeon.
             The game lasted 00:03:27 (903 turns).

Gargoyl the Trooper (Gargoyle Berserker)             Turns: 903, Time: 00:03:27

Health: 0/29       AC:  5    Str: 21    XL:     4   Next: 57%
Magic:  4/4        EV: 12    Int:  7    God:    Trog [**....]
Gold:   49         SH:  0    Dex: 11    Spells: 3/3 levels left

rFire   + . .        a - +1 hand axe
rCold   . . .        (no shield)
rNeg    + . .        b - +0 animal skin
rPois   ∞            (no helmet)
rElec   +            (no cloak)
rCorr   .            (no gloves)
SInv    .            (no boots)
Will    .....        (no amulet)
Stlth   +            c - ring of protection from fire
HPRegen 0.24/turn    (no ring)
MPRegen 0.09/turn

%: no passive effects
@: on berserk cooldown, slowed, very slow
A: sickness immunity, AC +3, negative energy resistance 1, electricity
resistance, torment resistance 1, petrification resistance
a: Renounce Religion, Berserk, Trog's Hand


You were on level 4 of the Dungeon.
You worshipped Trog.
Trog was pleased with you.
You visited 1 branch of the dungeon, and saw 3 of its levels.

You collected 49 gold pieces.

Inventory:

Hand Weapons
 a - a +1 hand axe (weapon)
Missiles
 l - 9 poisoned darts (quivered)
Armour
 b - a +0 animal skin (worn)
Jewellery
 c - a ring of protection from fire (left hand)
Scrolls
 h - a scroll of identify
 i - a scroll of poison
Potions
 d - 2 potions of magic {unknown}
 g - a potion of might {unknown}
 j - 2 potions of lignification {unknown}
 k - a potion of heal wounds {unknown}


   Skills:
 + Level 4.0 Fighting
 + Level 4.0 Axes
 + Level 2.4 Armour
 + Level 1.9 Dodging


You had 3 spell levels left.
You didn't know any spells.
Your spell library was empty.

Dungeon Overview and Level Annotations

Branches:
Dungeon (2/15)

Altars:
Trog

Shops:
D:1 (


Innate Abilities, Weirdness & Mutations

You are immune to sickness and miasma.
Your stone body is resilient. (AC +3)
You are immune to poison.
You resist negative energy. (rN+)
You are resistant to electric shocks. (rElec)
You are resistant to unholy torment.
You are immune to petrification.


Message History

Reactivating autopickup.
You feel a bit more experienced.
Your Fighting skill increases to level 4!
You have reached level 4!
You feel stronger.
You hit the orc.
The orc is severely wounded.
You hit the orc but do no damage.
The orc is severely wounded.
The orc closely misses you.
You slash the orc!
You kill the orc!
Trog accepts your kill.
Unknown command.
You closely miss the adder. The adder closely misses you.
Unknown command.
You barely miss the adder. The adder misses you.
You closely miss the adder. The adder bites you.
The orc priest looks braver for a moment.
You slash the adder!
You kill the adder!
Trog accepts your kill.
Your Axes skill increases to level 4!
You barely miss the orc. You punch the orc!
You kill the orc!
Trog accepts your kill.
Unknown command.
You are no longer berserk.
You are exhausted.
You feel yourself slow down. The orc hits you with a +0 club.
Items here: ))) [[ ††.
You hit the orc but do no damage. The orc barely misses you.
The orc hits you but does no damage.
Unknown command.
You hit the orc.
The orc is lightly wounded.
The orc hits you but does no damage.
The orc priest calls down the wrath of Beogh upon you.
Beogh smites you!
You die...

# ##. ....
##...
......#####
#oo@..#
#####.####.##
##........
#.....[...
#.#######. #.#
##.##
..###...######
#............#


You could see an orc priest and an orc.

Vanquished Creatures
  An orc wizard (D:4)
  2 adders
  A ribbon worm (D:2)
  A dart slug (D:2)
  2 orcs (D:4)
  2 endoplasms (D:1)
  A giant cockroach (D:1)
  3 goblins
  2 hobgoblins (D:1)
  7 jackals
  3 kobolds
  5 ball pythons
  3 bats
  2 frilled lizards
  7 rats
42 creatures vanquished.

Notes
Turn   | Place    | Note
-------+----------+-------------------------------------------
     0 | D:1      | Gargoyl the Gargoyle Berserker began the quest for the Orb.
     0 | D:1      | Reached XP level 1. HP: 14/14 MP: 1/1
    21 | D:1      | Found Deferiad's Antique Weapon Boutique.
   276 | D:1      | Reached XP level 2. HP: 15/19 MP: 2/2
   496 | D:1      | Reached ** piety under Trog
   497 | D:1      | Reached XP level 3. HP: 24/24 MP: 3/3
   822 | D:2      | Found a bloodstained altar of Trog.
   848 | D:2      | You fall into a shaft and drop 2 floors!
   893 | D:4      | Reached XP level 4. HP: 25/29 MP: 4/4
   903 | D:4      | Killed from afar by an orc priest

Illustrated notes

Levels and vault maps discovered:
D:1:      wander_arrival_chamber, layout_loops_ring, serial_shops, shop
D:2:      layout_rooms, serial_forest, infiniplex_forest_clump_diagonal,
          infiniplex_forest_clump_double, infiniplex_forest_straight_4,
          infiniplex_forest_lined_3, infiniplex_forest_clump_small,
          infiniplex_forest_lined_2, infiniplex_forest_zigzag_1, basic_altar,
          minmay_shallow_snake_nest, uniq_robin
D:4:      layout_loops_ring, nzn_wu_jian_contemplation,
          gammafunk_ghost_mausoleum, uniq_duvessa

Skill      XL: |  1  2  3  4 |
---------------+-------------+-----
Axes           | 3 4 |  4.0
Fighting       | 4 |  4.0
Armour         | |  2.4
Dodging        | |  1.9

Action                     |  1- 3 |  4- 6 || total
---------------------------+-------+-------++-------
  Melee: Hand axe          |    99 |    10 ||   109
         Punch             |       |     1 ||     1
 Invoke: Berserk           |     3 |       ||     3
    Use: Scroll            |     3 |       ||     3
 Armour: Animal skin       |    65 |     4 ||    69
  Dodge: Dodged            |    69 |     4 ||    73

Table legend: (Time is in decaauts)
 A = Elapsed time spent in this place.
 B = Non-inter-level travel time spent in this place.
 C = Inter-level travel time spent in this place.
 D = Time resting spent in this place.
 E = Time spent auto-exploring this place.
 F = Levels seen in this place.
 G = Mean time per level.
                   A        B        C        D        E       F      G
               +--------+--------+--------+--------+--------+-----+--------+
         Total |    930 |    908 |     22 |      0 |    560 |   3 |  310.0 |
       Dungeon |    930 |    908 |     22 |      0 |    560 |   3 |  310.0 |
               +--------+--------+--------+--------+--------+-----+--------+

Top non-repeatable levels by time:
     D:1: 722 daAuts
     D:2: 153 daAuts
     D:4: 54 daAuts
